[Event "*** Titled Tuesday 3|2 Blitz (Early)"]
[Site "Chess.com"]
[Date "2016.12.06"]
[Round "9"]
[White "calemcc"]
[Black "poummba"]
[Result "1-0"]
[WhiteElo "2112"]
[BlackElo "2342"]
[TimeControl "180+2"]
[EndTime "12:58:32 PST"]
[Termination "calemcc won by resignation"]

1. d4 g6 2. c4 Bg7 3. e4 d6 4. Nc3 e5 5. Nge2 exd4 6. Nxd4 Ne7 7. Be3 O-O 8. f3 Nbc6 9. Qd2 f5 10.
h4 fxe4 11. fxe4 Nxd4 12. Bxd4 Nc6 13. Bxg7 Kxg7 14. O-O-O Bg4 15. Be2 Bxe2 16. Nxe2 Ne5 17. Qd4 h5 18. c5 Qf6 19. Nc3 dxc5 20. Qxc5 c6 21. Kb1 Ng4 22. Rd7+ Rf7 23. Rhd1 Rf8 24. Qxa7 Qxh4 25. Qxb7 Qf2 26. Qxc6 Ne3 27. R1d2 Qe1+ 28. Nd1 Nxd1 29. Rxd1 Qe2 30. a4 Qxg2 31. a5 h4 32. a6 h3 33. a7 Rxd7 34. Rxd7+ Kh6 35. Qc1+ g5 36. Rd6+ Kh5 37. Qd1+ g4 38. Qd5+ Kh4 39. Rh6+ Kg3 40. Qd6+ Kf2 41. Qxf8+ Ke2 42. a8=Q h2 43. Qa6+ Ke1 44. Qb4+ Kd1 45. Rd6+ 1-0

[Event "*** Titled Tuesday 3|2 Blitz (Early)"]
[Site "Chess.com"]
[Date "2016.12.06"]
[Round "9"]
[White "FearlessKing64"]
[Black "Hieronymus00"]
[Result "1-0"]
[WhiteElo "2010"]
[BlackElo "2115"]
[TimeControl "180+2"]
[EndTime "12:58:37 PST"]
[Termination "FearlessKing64 won by checkmate"]

1. e4 e5 2. Nf3 Nc6 3. Bc4 Nf6 4. d4 exd4 5. e5 d5 6. Bb5 Ne4 7. Nxd4 Bc5 8. Be3 Bd7 9. Bxc6 bxc6 10.
Nd2 Nxd2 11. Qxd2 O-O 12. O-O Bb6 13. Bg5 Qe8 14. Rae1 c5 15. Bf6 h6 16. Re3 Kh7 17.
Qd3+ Kh8 18. Nf5 Bxf5 19. Qxf5 Qe6 20. Qh5 Kh7 21. Rh3 c4 22. Kh1 Bd4 23. c3 Bc5 24. f4 Rg8 25. f5 Qb6 26. e6 Raf8 27. Bxg7 Kxg7 28. Qxh6# 1-0

[Event "*** Titled Tuesday 3|2 Blitz (Early)"]
[Site "Chess.com"]
[Date "2016.12.06"]
[Round "9"]
[White "NewBornNow"]
[Black "pedromartinez91"]
[Result "1-0"]
[WhiteElo "2585"]
[BlackElo "2346"]
[TimeControl "180+2"]
[EndTime "12:58:43 PST"]
[Termination "NewBornNow won by checkmate"]

1. d4 d5 2. c4 Nc6 3. Nf3 Bg4 4.
e3 e5 5. cxd5 Qxd5 6. Nc3 Bb4 7.
Be2 Nf6 8. O-O Bxc3 9. bxc3 e4 10. Nd2 Bxe2 11. Qxe2 O-O 12. c4 Qg5 13. f3 Rfe8 14.
d5 Nb4 15. Bb2 exf3 16. Rxf3 Nc2 17. Bxf6 Qh6 18. Bc3 Nxa1 19. Bxa1 Re7 20. Bd4 Rae8 21. h3 f6 22. Qd3 Qh4 23. Kh2 Qe1 24. Rg3 Rf7 25.
Ne4 Kf8 26. Qa3+ Rfe7 27. Bc5 Kf7 28. Bxe7 Rxe7 29. Rxg7+ Kxg7 30. Qxe7+ Kh8 31. Qf8# 1-0

[Event "*** Titled Tuesday 3|2 Blitz (Early)"]
[Site "Chess.com"]
[Date "2016.12.06"]
[Round "9"]
[White "Evgeny_Levin"]
[Black "Genghis_K"]
[Result "1-0"]
[WhiteElo "2748"]
[BlackElo "2680"]
[TimeControl "180+2"]
[EndTime "12:58:57 PST"]
[Termination "Evgeny_Levin won by checkmate"]

1. d4 Nf6 2. c4 c5 3. d5 e6 4. Nc3 exd5 5. cxd5 d6 6. e4 g6 7. f4 Bg7 8. Bb5+ Nfd7 9. Nf3 O-O 10. O-O a6 11. Bd3 b5 12. a3 Nb6 13. f5 N8d7 14. Bg5 Nf6 15. Qe1 gxf5 16. Qh4 Re8 17. Rae1 b4 18. axb4 cxb4 19. Nd1 a5 20. Ne3 fxe4 21.
Bb5 Bd7 22. Bxd7 Nbxd7 23. Nd4 Re5 24. Nc6 Qb6 25. Bxf6 Nxf6 26. Rxf6 Ree8 27. Rf2 a4 28. Ne7+ Kh8 29. Rxf7 a3 30. Rxg7 Kxg7 31. Nf5+ Kg6 32. Qh6+ Kf7 33. Qg7# 1-0

[Event "*** Titled Tuesday 3|2 Blitz (Early)"]
[Site "Chess.com"]
[Date "2016.12.06"]
[Round "9"]
[White "theprosecution1"]
[Black "Mornar1951"]
[Result "1-0"]
[WhiteElo "2553"]
[BlackElo "2589"]
[TimeControl "180+2"]
[EndTime "12:58:59 PST"]
[Termination "theprosecution1 won by resignation"]

1. e4 e6 2. d4 d5 3. Nd2 c5 4.
exd5 Qxd5 5. Ngf3 cxd4 6. Bc4 Qd6 7. Qe2 Nf6 8. Nb3 Nc6 9. Bg5 a6 10. O-O-O b5 11. Bd3 Be7 12. Kb1 Bb7 13. Nbxd4 Nxd4 14. Nxd4 Rd8 15. Nf5 exf5 16. Bxb5+ axb5 17. Rxd6 Rxd6 18.
Re1 Rd7 19. Qxb5 Kd8 20. a4 h6 21. Be3 Nd5 22. a5 Nxe3 23. Rxe3 Rd1+ 24. Ka2 Bd5+ 25. c4 Be6 26. a6 Kc7 27. Qb7+ Kd6 28. Qb6+ Kd7 29.
Qb5+ Kc7 30. Qb7+ Kd6 31. Qb4+ Kc6 32. Qa4+ Kc5 33. Rxe6 1-0

[Event "*** Titled Tuesday 3|2 Blitz (Early)"]
[Site "Chess.com"]
[Date "2016.12.06"]
[Round "9"]
[White "Schemato"]
[Black "stuffings101"]
[Result "0-1"]
[WhiteElo "2293"]
[BlackElo "2193"]
[TimeControl "180+2"]
[EndTime "12:58:59 PST"]
[Termination "stuffings101 won by resignation"]

1. c4 Nf6 2. Nc3 g6 3. g3 Bg7 4.
Bg2 O-O 5. e4 d6 6. Nge2 c6 7.
O-O a6 8. d3 b5 9. h3 Nfd7 10. Rb1 Nb6 11. b3 b4 12. Na4 Nxa4 13. bxa4 a5 14. d4 Ra7 15. a3 c5 16. Qd3 Bd7 17. dxc5 dxc5 18. Rd1 Qc8 19. axb4 axb4 20.
Be3 Bxa4 21. Nf4 Bxd1 22. Rxd1 Rd7 23. Qb1 Rxd1+ 24. Qxd1 Rd8 25. Qa4 e6 26. Qb5 Bd4 27. Bc1 Qd7 28. e5 Qxb5 29. cxb5 Bxe5 30. Bf1 Rd1 31. Be3 Bd4 32. Bxd4 cxd4 33. Kg2 b3 34.
Nd3 f6 35. b6 e5 36. Nc5 Rxf1 0-1

[Event "*** Titled Tuesday 3|2 Blitz (Early)"]
[Site "Chess.com"]
[Date "2016.12.06"]
[Round "9"]
[White "micfel"]
[Black "Divertissement"]
[Result "1/2-1/2"]
[WhiteElo "2294"]
[BlackElo "2423"]
[TimeControl "180+2"]
[EndTime "12:59:01 PST"]
[Termination "Game drawn by repetition"]

1. e4 c5 2. Nf3 d6 3. d4 cxd4 4. Nxd4 Nf6 5. Nc3 a6 6. Be2 e5 7. Nf3 Be7 8. O-O O-O 9. Bc4 h6 10. Re1 Bg4 11. h3 Bh5 12. Be2 Nc6 13. Be3 Rc8 14. Nd2 Bg6 15. Bf3 b5 16. a3 Na5 17.
Qe2 Nc4 18. Nxc4 Rxc4 19. Rad1 Nxe4 20. Nd5 Nf6 21. c3 Nxd5 22. Bxd5 Rc8 23. Qg4 Kh7 24.
f4 f5 25. Qf3 e4 26. Qf2 Bf6 27. Kh2 Bh5 28. Rd2 a5 29. Rg1 b4 30. axb4 axb4 31.
cxb4 Rb8 32. g4 fxg4 33. Bxe4+ Bg6 34. Bxg6+ Kxg6 35. hxg4 Kh7 36. Rgd1 Rxb4 37. Rxd6 Qb8 38. R6d2 Rxb2 39. Rxb2 Qxb2 40. Qxb2 Bxb2 41. Rd7 Re8 42.
Bf2 Kg8 43. Kg3 Rc8 44. Kf3 Bf6 45. Be3 Ra8 46. Rb7 Re8 47. g5 hxg5 48. fxg5 Be5 49. Kg4 g6 50. Kf3 Bg7 51. Bf4 Rf8 52. Ke4 Re8+ 53.
Kd5 Rf8 54. Ke4 Re8+ 55. Kd5 Rf8 56. Ke4 Re8+ 57. Kd5 Rf8 58. Ke4 Re8+ 59. Kd5 Rf8 60. Ke4 1/2-1/2

[Event "*** Titled Tuesday 3|2 Blitz (Early)"]
[Site "Chess.com"]
[Date "2016.12.06"]
[Round "9"]
[White "Lector118"]
[Black "Jungle_Jaguar"]
[Result "1-0"]
[WhiteElo "2353"]
[BlackElo "2395"]
[TimeControl "180+2"]
[EndTime "12:59:20 PST"]
[Termination "Lector118 won by resignation"]

1. d4 Nf6 2. c4 e6 3. g3 c5 4. d5 exd5 5. cxd5 b5 6. Nf3 d6 7.
e4 g6 8. Bxb5+ Bd7 9. Bxd7+ Nbxd7 10. Nbd2 Bg7 11. O-O O-O 12. h3 Re8 13. Re1 Rb8 14. Qc2 Nb6 15. Kg2 Nfd7 16. a4 a5 17. Ra3 Ne5 18. Nxe5 Rxe5 19. Rae3 Re8 20. b3 Qd7 21.
Nf3 c4 22. bxc4 Nxa4 23. Ra3 Nb6 24. Rxa5 Rec8 25. c5 dxc5 26. Bf4 Bf8 27. Bxb8 Rxb8 28. Rb1 Bd6 29. Rab5 Bc7 30. Qxc5 Kg7 31. Rxb6 Bxb6 32. Rxb6 Rc8 33. Rc6 Re8 34. Rc7 Qd8 35. e5 Qa8 36. e6 1-0

[Event "*** Titled Tuesday 3|2 Blitz (Early)"]
[Site "Chess.com"]
[Date "2016.12.06"]
[Round "9"]
[White "popov_m"]
[Black "Ar4uha"]
[Result "1-0"]
[WhiteElo "2330"]
[BlackElo "2441"]
[TimeControl "180+2"]
[EndTime "12:59:26 PST"]
[Termination "popov_m won by resignation"]

1. c4 Nf6 2. g3 e6 3. Bg2 d5 4. Nf3 dxc4 5. Qa4+ Nbd7 6. Qxc4 c5 7.
Qc2 Rb8 8. O-O b6 9. d4 Bb7 10. Rd1 Rc8 11. Nc3 Be7 12. dxc5 Bxc5 13. Bg5 Qe7 14. Qa4 a6 15. Ne5 b5 16. Bxb7 Nxe5 17.
Qxa6 Bxf2+ 18. Kh1 Rb8 19. Bc6+ Kf8 20. Ne4 Bb6 21.
Nxf6 gxf6 22. Bh6+ Kg8 23. Bf3 Nxf3 24. exf3 Bc5 25.
Rac1 Bb6 26. Rc8+ 1-0

[Event "*** Titled Tuesday 3|2 Blitz (Early)"]
[Site "Chess.com"]
[Date "2016.12.06"]
[Round "9"]
[White "Ind1anStar"]
[Black "PowerThinking2650"]
[Result "1-0"]
[WhiteElo "2187"]
[BlackElo "2126"]
[TimeControl "180+2"]
[EndTime "12:59:42 PST"]
[Termination "Ind1anStar won by resignation"]

1. e4 e6 2. d4 d5 3. Nd2 Nf6 4.
e5 Nfd7 5. f4 c5 6. Ndf3 Nc6 7.
c3 Be7 8. Bd3 Qb6 9. Ne2 f6 10.
Rb1 cxd4 11. cxd4 Nb4 12. O-O Nxa2 13. exf6 Nxf6 14. Qa4+ Bd7 15. Qxa2 O-O 16. Ne5 Bb5 17. Bxb5 Qxb5 18. Nc3 Qb6 19. Be3 Bb4 20. Qa4 a5 21. Qc2 Rac8 22. Qd3 Rc7 23. Na4 Qd6 24. Rbc1 Ne4 25.
Qb5 Rxc1 26. Rxc1 Bd2 27. Bxd2 Nxd2 28. Qxb7 Nc4 29. b3 Qa3 30. Re1 Nd2 31. Nc5 Qb4 32.
Qxb4 axb4 33. Rd1 1-0

[Event "*** Titled Tuesday 3|2 Blitz (Early)"]
[Site "Chess.com"]
[Date "2016.12.06"]
[Round "9"]
[White "Firebullet"]
[Black "Apocalyps999"]
[Result "0-1"]
[WhiteElo "2327"]
[BlackElo "2414"]
[TimeControl "180+2"]
[EndTime "12:59:44 PST"]
[Termination "Apocalyps999 won by resignation"]

1. d4 d5 2. c4 e6 3. Nc3 Be7 4.
Nf3 Nf6 5. Bf4 O-O 6. e3 Nbd7 7. c5 c6 8. h3 h6 9. Bd3 b6 10. b4 a5 11. a3 Ba6 12. Bxa6 Rxa6 13. b5 cxb5 14.
c6 Qc8 15. c7 b4 16. Nb5 a4 17. O-O b3 18. Rc1 Ne4 19. Nd2 Ra5 20. Nxe4 Rxb5 21.
Nd6 Bxd6 22. Bxd6 Re8 23. Bb4 Qb7 24. Qd3 Rxb4 25. axb4 b5 26. Rc3 Rc8 27. Rfc1 Nb6 28. Qxb5 b2 29. Rb1 Rxc7 30. Rc5 a3 31. Qa5 Nc4 32. Rxc4 dxc4 0-1

[Event "*** Titled Tuesday 3|2 Blitz (Early)"]
[Site "Chess.com"]
[Date "2016.12.06"]
[Round "9"]
[White "Peroncio"]
[Black "Cecile_Haussernot"]
[Result "1-0"]
[WhiteElo "2508"]
[BlackElo "2284"]
[TimeControl "180+2"]
[EndTime "12:59:59 PST"]
[Termination "Peroncio won by resignation"]

1. d4 Nf6 2. Bg5 e6 3. e4 h6 4. Bxf6 Qxf6 5. c3 c5 6. Nf3 d6 7. Bb5+ Bd7 8. Qb3 Nc6 9. d5 exd5 10. exd5 Qe7+ 11. Kd2 Ne5 12. Nxe5 dxe5 13. Re1 O-O-O 14.
Bxd7+ Rxd7 15. Kc2 Qg5 16. g3 Qg6+ 17. Kc1 Qd3 18.
c4 Qd4 19. Nd2 Qxf2 20. Rxe5 Bd6 21. Re4 Qxh2 22. g4 Bf4 23. Qd3 Qh1+ 24. Kc2 Qxa1 25.
Rxf4 Qxa2 26. Nb3 Re8 27. Rf1 Qa4 28. Ra1 Qb4 29. Rxa7 Kb8 30. Ra5 Rde7 31. Rb5 Re2+ 32. Kb1 Qe1+ 33. Ka2 R2e3 34. Qf5 R3e7 35. Nxc5 Qc1 36.
Qd3 g6 37. d6 Re1 38. Rxb7+ Kc8 39. d7+ Kd8 40. dxe8=Q+ Kxe8 41. Qd7+ 1-0

[Event "*** Titled Tuesday 3|2 Blitz (Early)"]
[Site "Chess.com"]
[Date "2016.12.06"]
[Round "9"]
[White "Astaneh"]
[Black "Zhani-Z"]
[Result "1-0"]
[WhiteElo "2465"]
[BlackElo "2275"]
[TimeControl "180+2"]
[EndTime "13:00:05 PST"]
[Termination "Astaneh won on time"]

1. e4 c5 2. Nf3 d6 3. b3 Nf6 4. e5 dxe5 5. Nxe5 Nbd7 6. Nf3 e5 7.
d3 Bd6 8. Nbd2 O-O 9. Bb2 Re8 10.
Ne4 Nxe4 11. dxe4 Nf6 12. Bc4 Bg4 13. h3 Bh5 14. Qe2 a6 15. O-O-O Qc7 16. g4 Bg6 17. h4 h5 18. gxh5 Nxh5 19. Rdg1 Nf4 20. Qe3 b5 21. h5 bxc4 22. hxg6 fxg6 23. Ng5 cxb3 24. axb3 c4 25. Rh4 Rab8 26. Rgh1 Kf8 27. Qc3 1-0

[Event "*** Titled Tuesday 3|2 Blitz (Early)"]
[Site "Chess.com"]
[Date "2016.12.06"]
[Round "9"]
[White "Nachsueb"]
[Black "Morshynska"]
[Result "0-1"]
[WhiteElo "2063"]
[BlackElo "2126"]
[TimeControl "180+2"]
[EndTime "13:00:13 PST"]
[Termination "Morshynska won on time"]

1. e4 e5 2. Nf3 Nc6 3. Bb5 a6 4.
Ba4 Nf6 5. O-O b5 6. Bb3 Bb7 7. Re1 Bc5 8. c3 d6 9. d4 Bb6 10. a4 h6 11. Qd3 O-O 12. Nbd2 Qd7 13. Nf1 Rfe8 14. Ng3 exd4 15. Nxd4 Nxd4 16. cxd4 c5 17.
dxc5 dxc5 18. Qxd7 Nxd7 19. Be3 c4 20. Bc2 Bxe3 21. Rxe3 Nc5 22. f3 b4 23. Nf5 Rad8 24. Rd1 b3 25. Rc1 bxc2 26. Rxc2 Bc8 27. Rxc4 Rd1+ 28. Kf2 Bxf5 0-1

[Event "*** Titled Tuesday 3|2 Blitz (Early)"]
[Site "Chess.com"]
[Date "2016.12.06"]
[Round "9"]
[White "GM_Donatello"]
[Black "rubhani"]
[Result "1-0"]
[WhiteElo "2577"]
[BlackElo "2416"]
[TimeControl "180+2"]
[EndTime "13:00:19 PST"]
[Termination "GM_Donatello won by resignation"]

1. e4 c6 2. d4 d5 3. e5 Bf5 4.
Nf3 e6 5. Be2 Nd7 6. O-O h6 7.
Nbd2 Ne7 8. a4 c5 9. a5 a6 10.
c4 cxd4 11. Nxd4 Nxe5 12. Qa4+ Qd7 13. cxd5 Qxa4 14. Rxa4 exd5 15. Nxf5 Nxf5 16. Nf3 Nc6 17. Rd1 O-O-O 18. g4 Nfe7 19. b4 Ng6 20. b5 axb5 21. Bxb5 Nge5 22. Nxe5 Nxe5 23. Bf4 Bd6 24. a6 bxa6 25.
Bxa6+ Kc7 26. Kg2 Nc6 27. Be3 Be5 28. Bb5 d4 29. Bd2 Rd5 30. Bc4 Rd7 31. Rc1 Kd6 32. Ra6 Rc7 33. Bxf7 Rf8 34. Bb4+ 1-0

[Event "*** Titled Tuesday 3|2 Blitz (Early)"]
[Site "Chess.com"]
[Date "2016.12.06"]
[Round "9"]
[White "norwaytoadog"]
[Black "RaphaeI"]
[Result "0-1"]
[WhiteElo "1923"]
[BlackElo "2239"]
[TimeControl "180+2"]
[EndTime "13:00:28 PST"]
[Termination "RaphaeI won on time"]

1. e4 c5 2. Nf3 d6 3. Bb5+ Nd7 4. c3 Nf6 5. Qe2 a6 6. Ba4 b5 7. Bc2 e5 8. O-O Be7 9. d4 O-O 10. a4 Bb7 11. Nbd2 Qc7 12. Re1 cxd4 13. axb5 axb5 14. Rxa8 Bxa8 15. Qxb5 dxc3 16. bxc3 Qxc3 17. Bb3 Rb8 18. Qa6 Nc5 19. Qa7 Re8 20. Bc4 Ncxe4 21. Ba2 Qc8 22. Nxe4 Bxe4 23. Ng5 Bd5 24. Bxd5 Nxd5 25. Nxf7 Kxf7 26.
Qa2 Qe6 27. f4 Nf6 28. Qa7 e4 29. Bb2 Kg8 30. Qb7 d5 0-1

[Event "*** Titled Tuesday 3|2 Blitz (Early)"]
[Site "Chess.com"]
[Date "2016.12.06"]
[Round "9"]
[White "stefanodinn"]
[Black "ftorodent"]
[Result "0-1"]
[WhiteElo "2189"]
[BlackElo "2498"]
[TimeControl "180+2"]
[EndTime "13:00:29 PST"]
[Termination "ftorodent won on time"]

1. e4 e6 2. d4 d5 3. Nd2 Be7 4. c3 c5 5. exd5 Qxd5 6. Ngf3 cxd4 7. Nxd4 Nf6 8. Bb5+ Bd7 9. Bxd7+ Nbxd7 10. O-O O-O 11. N2f3 Rfd8 12. Bg5 h6 13. Bh4 Nc5 14. Qe2 Qe4 15. Rfe1 Qxe2 16. Rxe2 a6 17. Ne5 Rd5 18. f3 Rad8 19. Rae1 Kf8 20. Kf1 Rxe5 21. Rxe5 Nd3 22. R5e2 Nxe1 23. Kxe1 Bc5 24. Bf2 Be7 25. Rd2 Nd5 26. g3 g5 27. Ke2 Rc8 28. Kd3 Bf6 29.
a3 h5 30. Rc2 Rd8 31. Ke2 g4 32. Rd2 Nb6 33. Nxe6+ fxe6 34. Bxb6 gxf3+ 35. Kd1 Rxd2+ 36. Kxd2 Bg5+ 37. Ke1 e5 38. Kf2 e4 39. h3 Bc1 40.
Bd4 Kf7 41. a4 Kg6 42. c4 Kf5 43. b4 Bg5 44. b5 Ke6 45. Bc5 Ke5 46. Bb6 Bd2 0-1

[Event "*** Titled Tuesday 3|2 Blitz (Early)"]
[Site "Chess.com"]
[Date "2016.12.06"]
[Round "9"]
[White "alturas_pacificas"]
[Black "Vrolijk"]
[Result "1-0"]
[WhiteElo "2206"]
[BlackElo "2221"]
[TimeControl "180+2"]
[EndTime "13:00:30 PST"]
[Termination "alturas_pacificas won by checkmate"]

1. d4 Nf6 2. Bf4 c5 3. d5 d6 4. Nc3 g6 5. e4 Bg7 6. Bb5+ Nbd7 7. a4 O-O 8. Nf3 Nb8 9. Nd2 Na6 10. O-O Nc7 11. Be2 e5 12. dxe6 Nxe6 13. Bg3 d5 14. exd5 Nxd5 15. Nxd5 Qxd5 16. Nc4 Qxd1 17. Raxd1 Nd4 18.
Bd3 Be6 19. Nd6 f5 20. c3 Nc6 21. Nxb7 f4 22. Nxc5 Bd5 23. Bh4 Rab8 24. Bb5 Rf5 25. Rxd5 Rxd5 26. Bc4 Kh8 27. Bxd5 Ne5 28. b4 Re8 29. Rd1 h6 30. f3 g5 31. Bf2 Rd8 32. Ne6 Rd6 33. Nxg7 Kxg7 34. Bb3 Rc6 35. Bd4 Kf6 36.
Re1 Kg6 37. Rxe5 Rd6 38. Re6+ Kh5 39. Rxd6 g4 40. Bf7+ Kg5 41. Rg6+ Kf5 42. Rxg4 h5 43. Rh4 Kg5 44. Rxh5# 1-0

[Event "*** Titled Tuesday 3|2 Blitz (Early)"]
[Site "Chess.com"]
[Date "2016.12.06"]
[Round "9"]
[White "Gabrielian_Artur"]
[Black "Keranke"]
[Result "1-0"]
[WhiteElo "2610"]
[BlackElo "2611"]
[TimeControl "180+2"]
[EndTime "13:00:36 PST"]
[Termination "Gabrielian_Artur won by checkmate"]

1. e4 g6 2. d4 Bg7 3. Nc3 d6 4. f4 a6 5. Nf3 b5 6. Bd3 Nd7 7. e5 c5 8. Be4 Rb8 9. Be3 b4 10. Na4 Qc7 11. c3 Bb7 12. Bxb7 Rxb7 13. cxb4 cxb4 14. Rc1 Qd8 15. e6 fxe6 16. Ng5 Nf8 17. Qf3 Rb8 18. Qc6+ Qd7 19. Qxa6 h6 20. Nb6 Qd8 21. Qa4+ Nd7 22. Nxe6 Qxb6 23. Nxg7+ Kf7 24.
Qxd7 Kxg7 25. Qe6 Qb5 26. d5 Re8 27. Bd4+ Nf6 28. Rc7 Rhf8 29. Rxe7+ Rxe7 30. Qxe7+ Kg8 31. Qe6+ Kh7 32. Kd2 Nxd5 33. Re1 Rxf4 34. Re4 Rxe4 35. Qf7# 1-0

[Event "*** Titled Tuesday 3|2 Blitz (Early)"]
[Site "Chess.com"]
[Date "2016.12.06"]
[Round "9"]
[White "Andrejkin"]
[Black "WanderingPuppet"]
[Result "1/2-1/2"]
[WhiteElo "2182"]
[BlackElo "2290"]
[TimeControl "180+2"]
[EndTime "13:00:39 PST"]
[Termination "Game drawn by agreement"]

1. e4 c5 2. Nf3 d6 3. d4 cxd4 4.
Nxd4 Nf6 5. Nc3 a6 6. f3 e6 7.
Be3 b5 8. a3 Nbd7 9. Qd2 Bb7 10. O-O-O d5 11. exd5 Nxd5 12. Nxd5 Bxd5 13. Kb1 Qc7 14.
Bf4 Bd6 15. Bxd6 Qxd6 16. Nf5 Qe5 17. Nd4 O-O 18. g4 Rfb8 19. h4 Nb6 20. h5 Nc4 21. Bxc4 bxc4 22. g5 Rb6 23. g6 fxg6 24. hxg6 hxg6 25.
Ka1 Rab8 26. Rb1 R8b7 27. Rh4 Rf7 28. Rbh1 Rf5 29. Rh8+ Kf7 30. Rc8 Rb7 31. Rhh8 Rxf3 32. Rhf8+ Ke7 33. Rce8+ Kd7 34. Rd8+ Ke7 35. Rfe8+ Kf7 36.
Rf8+ Ke7 37. Rde8+ Kd7 38. Rd8+ Ke7 39. Rde8+ Kd7 40.
Rd8+ Ke7 41. Rfe8+ Kf7 1/2-1/2

[Event "*** Titled Tuesday 3|2 Blitz (Early)"]
[Site "Chess.com"]
[Date "2016.12.06"]
[Round "9"]
[White "fireheart92"]
[Black "sorito"]
[Result "1-0"]
[WhiteElo "2565"]
[BlackElo "2374"]
[TimeControl "180+2"]
[EndTime "13:00:51 PST"]
[Termination "fireheart92 won by resignation"]

1. e4 c5 2. c3 Nf6 3. e5 Nd5 4. d4 cxd4 5. cxd4 e6 6. Nc3 Nc6 7. Nxd5 exd5 8. Nf3 d6 9. Bd3 Be7 10. O-O O-O 11. Re1 Be6 12. Bf4 dxe5 13. Nxe5 Nxe5 14.
Bxe5 Bf6 15. Qh5 g6 16. Qh6 Bxe5 17. Rxe5 Qf6 18. h4 Rac8 19. h5 Rc6 20. Rae1 Rfc8 21. Qe3 a6 22. hxg6 hxg6 23. Bxg6 fxg6 24. Rxe6 Rxe6 25.
Qxe6+ Qxe6 26. Rxe6 Kf7 27. Rb6 Rc4 28. Rxb7+ Kf6 29.
Rb6+ Kf5 30. Rxa6 Rxd4 31. Kf1 Rd2 32. b4 Rb2 33. a3 d4 34. g3 g5 35. Kg2 g4 36. Ra5+ Ke4 37. Rg5 d3 38. Rxg4+ Ke5 39. Rg8 Rb3 40. Rd8 Rxa3 41. Kf3 Rb3 42. Ke3 d2+ 43.
Kxd2 Ke4 44. Ke2 Rb2+ 45. Rd2 Rxb4 46. f3+ Ke5 47. Kf2 Rb3 48. g4 Kf4 49. Rd4+ Kg5 50. Kg3 Ra3 51. Rd5+ Kg6 52. Rc5 Rb3 53. g5 Rb1 54.
Kg4 Rg1+ 55. Kf4 Rf1 56. Rc6+ Kg7 57. Kg4 Rg1+ 58. Kf5 1-0

[Event "*** Titled Tuesday 3|2 Blitz (Early)"]
[Site "Chess.com"]
[Date "2016.12.06"]
[Round "9"]
[White "Dlugy"]
[Black "Zaven_ChessMood"]
[Result "1-0"]
[WhiteElo "2657"]
[BlackElo "2807"]
[TimeControl "180+2"]
[EndTime "13:01:11 PST"]
[Termination "Dlugy won by resignation"]

1. d4 Nf6 2. Bf4 g6 3. Nc3 Bg7 4.
Qd2 d5 5. Bh6 Bxh6 6. Qxh6 c5 7.
e3 Nc6 8. O-O-O cxd4 9. exd4 Bf5 10. Nf3 Qa5 11. Bb5 Ne4 12. Bxc6+ bxc6 13. Nxe4 dxe4 14. Ne5 Qxa2 15. Qe3 O-O 16. Nxc6 Rfe8 17. Qa3 Qe6 18. d5 Qf6 19. Qc3 Qd6 20. Qg3 Qd7 21. Qb3 Rac8 22.
Rhe1 a5 23. Rd2 a4 24. Qb4 a3 25. bxa3 h5 26. h3 Ra8 27. g4 hxg4 28. hxg4 Bxg4 29.
Rxe4 Bh5 30. Rxe7 Rxe7 31. Nxe7+ Kh7 32. Rd3 Ra4 33. Qb3 Ra8 34. d6 Rf8 35. Qd5 Kg7 36. c4 Rb8 37. Nc6 Rc8 38. Ne5 Qf5 39.
d7 Rf8 40. Qd4 Kh7 41. Nc6 Qg5+ 42. f4 Qh4 43. d8=Q Rxd8 44. Nxd8 Qe1+ 45. Kb2 Qe2+ 46. Rd2 Qe7 47. Nc6 Qb7+ 48. Nb4 Qf3 49. c5 g5 50. Qd3+ 1-0

[Event "*** Titled Tuesday 3|2 Blitz (Early)"]
[Site "Chess.com"]
[Date "2016.12.06"]
[Round "9"]
[White "RodinMihail"]
[Black "MateusViageiro"]
[Result "1-0"]
[WhiteElo "2427"]
[BlackElo "2255"]
[TimeControl "180+2"]
[EndTime "13:01:18 PST"]
[Termination "RodinMihail won by resignation"]

1. e4 c5 2. Nf3 d6 3. d4 cxd4 4.
Nxd4 Nf6 5. Nc3 a6 6. Qf3 e5 7. Nf5 Be6 8. Bg5 Nbd7 9. O-O-O Qc7 10. Kb1 Rc8 11. Bd3 b5 12. Ne3 h6 13. Bxf6 Nxf6 14. Ncd5 Bxd5 15. exd5 Be7 16. g4 g6 17. h4 Nd7 18. h5 g5 19. Bf5 Rb8 20. Bxd7+ Qxd7 21. Nf5 b4 22. Rhe1 Kf8 23. Ng3 a5 24. Qf5 Qc7 25. Ne4 a4 26. Rd3 Qc4 27. Rf3 Ke8 28. Qxf7+ Kd8 29.
b3 Qd4 30. Rd3 Qb6 31. Qe6 axb3 32. axb3 Ra8 33. Kc1 Rf8 34. Kd2 Rf4 35. f3 Ra2 36. Re2 Qc7 37. Ke1 Ra1+ 38. Kf2 Qb6+ 39. Rde3 Rh1 40. Kg2 Rh4 41. Nf2 e4 42. Rxe4 Rxe4 43. Qxe4 Qc7 44. Qxb4 1-0

[Event "*** Titled Tuesday 3|2 Blitz (Early)"]
[Site "Chess.com"]
[Date "2016.12.06"]
[Round "9"]
[White "pastouche06"]
[Black "AmazingAtlas"]
[Result "1-0"]
[WhiteElo "2312"]
[BlackElo "2294"]
[TimeControl "180+2"]
[EndTime "13:01:34 PST"]
[Termination "pastouche06 won by resignation"]

1. d4 Nf6 2. c4 c5 3. d5 b5 4.
cxb5 a6 5. f3 e6 6. e4 exd5 7. e5 Qe7 8. Qe2 Ng8 9. Nh3 Bb7 10.
Nf4 Qd8 11. Nc3 Ne7 12. a4 Qc7 13. a5 g6 14. b6 Qc6 15. h4 h5 16. g3 Bg7 17. Bh3 d4 18. Ne4 Bxe5 19. O-O O-O 20. Nd3 d6 21. Bg2 Bg7 22. f4 Rd8 23. Nf6+ Bxf6 24.
Bxc6 Nbxc6 25. f5 c4 26. fxg6 cxd3 27. gxf7+ Kxf7 28. Qxh5+ Kg7 29. Bh6+ Kg8 30. Rxf6 Ne5 31. Raf1 Be4 32. Rf7 Bg6 33. Rg7+ Kh8 34. Rxg6 N7xg6 35. Bg5+ Kg8 36. Bxd8 Rxd8 37. Rf6 Kg7 38. Rxg6+ Nxg6 39. Qd5 Ne5 40. Qxd4 Rc8 41. b7 Rb8 42. Qxd6 Kf7 43.
Qxe5 d2 44. Qd5+ Ke7 45. Qxd2 Rxb7 46. Qg5+ Kd7 47. Qd5+ Kc7 48. Qxb7+ Kxb7 49. h5 1-0

[Event "*** Titled Tuesday 3|2 Blitz (Early)"]
[Site "Chess.com"]
[Date "2016.12.06"]
[Round "9"]
[White "platy3"]
[Black "Noukii"]
[Result "1-0"]
[WhiteElo "2706"]
[BlackElo "2663"]
[TimeControl "180+2"]
[EndTime "13:01:48 PST"]
[Termination "platy3 won by checkmate"]

1. e4 e5 2. Nf3 Nc6 3. Bb5 a6 4.
Ba4 Nf6 5. O-O Be7 6. Re1 b5 7.
Bb3 d6 8. c3 O-O 9. h3 Na5 10.
Bc2 d5 11. exd5 e4 12. Bxe4 Nxe4 13. Rxe4 Bb7 14. d4 Re8 15. Re1 Nc4 16. Qd3 Qxd5 17. b3 Nb6 18. Ba3 Bxa3 19. Nxa3 c5 20. c4 Qd6 21. d5 Nd7 22. Nc2 Nf6 23. Ne3 g6 24.
a4 b4 25. Re2 Ne4 26. Ng4 f5 27. Ngh2 Nc3 28. Rxe8+ Rxe8 29. Re1 Rxe1+ 30. Nxe1 f4 31.
Ng4 Bc8 32. Nf3 Kg7 33. Qd2 Bf5 34. Nge5 g5 35. Nc6 h6 36. Qe1 Be4 37. Nd2 Qg6 38. Nd8 Bf5 39. Qe7+ Kg8 40. Ne6 Qf7 41. Qd8+ Kh7 42.
Nxc5 Ne2+ 43. Kh2 Nd4 44. Nce4 Bxe4 45. Nxe4 Qf5 46. Qe7+ Kg6 47. Nd6 Qf6 48. Qe4+ Kh5 49. Ne8 Qh8 50. g4+ fxg3+ 51. fxg3 Nxb3 52. g4+ Kh4 53. Qe1# 1-0

[Event "*** Titled Tuesday 3|2 Blitz (Early)"]
[Site "Chess.com"]
[Date "2016.12.06"]
[Round "9"]
[White "Generalas"]
[Black "bugsbunny444"]
[Result "0-1"]
[WhiteElo "2207"]
[BlackElo "2391"]
[TimeControl "180+2"]
[EndTime "13:01:54 PST"]
[Termination "bugsbunny444 won by resignation"]

1. Nf3 d5 2. c4 d4 3. e3 Nc6 4.
exd4 Nxd4 5. Nxd4 Qxd4 6. Nc3 c6 7. d3 Nh6 8. Be2 Nf5 9. O-O g6 10. Bf3 Bg7 11. Ne2 Qd8 12. Ng3 Nd4 13. Bg4 Bxg4 14. Qxg4 Nc2 15. Rb1 Qxd3 16. Rd1 h5 17. Rxd3 hxg4 18.
Bg5 f6 19. Bd2 f5 20. Bg5 Rd8 21. Rbd1 Rxd3 22. Rxd3 Nd4 23. Re3 e5 24. Bf4 e4 25.
b3 Kf7 26. Re1 Rd8 27. Nf1 a6 28. Ne3 Ne6 29. Bg3 f4 30. Bh4 Rh8 31. Nxg4 Rxh4 32.
h3 Ng5 33. Rd1 Ke7 34. Kf1 Rh8 35. Re1 Ke6 36. Kg1 Kf5 37. Nh2 Rd8 38. Nf1 Nf7 39.
g3 g5 40. Kg2 Rd4 41. g4+ Ke5 42. f3 e3 43. Re2 Rd1 44. h4 Bh6 45. h5 Kd4 46. Rc2 Kd3 47. Rb2 Bg7 0-1